 Dungeon Crawl Stone Soup version 0.30.1-4-g462c640d31 (webtiles) character file.

Game seed: 509526265984059364

58 Bobit the Thaumaturge (level 4, 0/32 HPs)
             Began as a Gnoll Wanderer on Aug 13, 2023.
             Was a Believer of Sif Muna.
             Succumbed to an adder's poison
             ... on level 4 of the Dungeon.
             The game lasted 00:06:53 (1845 turns).

Bobit the Thaumaturge (Gnoll Wanderer)              Turns: 1845, Time: 00:06:54

Health: 0/32       AC:  2    Str: 13    XL:     4   Next: 1%
Magic:  11/15      EV: 13    Int: 14    God:    Sif Muna [**....]
Gold:   121        SH:  0    Dex:  9    Spells: 19/21 levels left

rFire   . . .        a - +0 club
rCold   . . .        (no shield)
rNeg    . . .        c - +0 robe
rPois   .            (no helmet)
rElec   .            (no cloak)
rCorr   .            (no gloves)
SInv    .            (no boots)
Will    .....        m - amulet of faith
Stlth   +            (no ring)
HPRegen 0.25/turn    (no ring)
MPRegen 0.14/turn

%: faith
@: lethally poisoned (0 -> -3)
A: fangs 1, strong nose, distributed training
a: Renounce Religion, Channel Magic


You were on level 4 of the Dungeon.
You worshipped Sif Muna.
Sif Muna was pleased with you.
You visited 1 branch of the dungeon, and saw 4 of its levels.

You collected 121 gold pieces.

Inventory:

Hand Weapons
 a - a +0 club (weapon)
Armour
 c - a +0 robe (worn)
 h - a +0 plate armour
Jewellery
 f - an amulet of regeneration
 j - a ring of protection from cold
 m - an amulet of faith (around neck)
Wands
 d - a wand of flame (3) (quivered)
Scrolls
 b - 3 scrolls of fog
 e - a scroll of identify {unknown}
 g - a scroll of magic mapping {unknown}
 o - a scroll of enchant armour {unknown}
 q - a scroll of noise {unknown}
 r - 2 scrolls of immolation {unknown}
 s - a scroll of fear {unknown}
 u - a scroll of vulnerability {unknown}
Potions
 i - a potion of haste {unknown}
 k - a potion of brilliance {unknown}
 l - a potion of degeneration {unknown}
 n - a potion of flight {unknown}
 p - a potion of berserk rage {unknown}
 t - a potion of cancellation {unknown}


   Skills:
 + Level 1.0 Fighting
 + Level 1.0 Short Blades
 + Level 1.0 Long Blades
 + Level 1.0 Axes
 + Level 1.0 Maces & Flails
 + Level 1.0 Polearms
 + Level 1.0 Staves
 + Level 1.0 Ranged Weapons
 + Level 1.0 Throwing
 + Level 1.0 Armour
 + Level 4.6 Dodging
 + Level 1.0 Stealth
 + Level 1.0 Shields
 + Level 1.0 Unarmed Combat
 + Level 9.3 Spellcasting
 + Level 0.8 Conjurations
 + Level 0.8 Hexes
 + Level 0.8 Summonings
 + Level 0.8 Necromancy
 + Level 2.2 Translocations
 + Level 0.8 Transmutations
 + Level 0.8 Fire Magic
 + Level 0.8 Ice Magic
 + Level 0.8 Air Magic
 + Level 0.8 Earth Magic
 + Level 0.8 Poison Magic
 + Level 1.1 Invocations
 + Level 4.6 Evocations


You had 19 spell levels left.
You knew the following spells:

 Your Spells              Type           Power      Damage    Failure   Level
a - Call Imp              Summ           16%        N/A       12%         2

Your spell library contained the following spells:

 Spells                   Type           Power      Damage    Failure   Level
 Blink                    Tloc           24%        N/A       7%          2
 Sandblast                Erth           16%        2d6       9%          1
 Summon Small Mammal      Summ           32%        N/A       9%          1
 Momentum Strike          Conj/Tloc      20%        3d8       9%          2
 Portal Projectile        Hex/Tloc       20%        N/A       19%         3


Dungeon Overview and Level Annotations

Branches:
Dungeon (4/15)
 Temple: D:4-7

Altars:
Sif Muna
The Shining One

Annotations:
D:3 Natasha, Terence


Innate Abilities, Weirdness & Mutations

You have very sharp teeth.
Your uncanny sense of smell can sniff out nearby items.
Your experience applies equally to all skills.


Message History

Your cerulean imp hits the adder but does no damage.
You climb downwards.
You hear the sound of rushing water.
There is an entrance to a sewer on this level.
Hurry and find it before the portal rusts away!
Found a ring mail.
There is a stone staircase leading up here.
Casting: Call Imp (safe; 12% risk of failure)
Confirm with . or Enter, or press ? or * to list all spells.
A tiny devil pulls itself out of the air.
The adder bites you.
* * * LOW HITPOINT WARNING * * *
The adder misses you.
Your cerulean imp hits the adder from afar with a -4 spear.
You see here a +0 ring mail.
The adder attacks as you move away! The adder barely misses you.
Your cerulean imp hits the adder but does no damage.
The adder attacks as you move away! The adder bites you.
* * * LOW HITPOINT WARNING * * *
The adder misses you. The adder attacks as you move away! The adder bites you.
* * * LOW HITPOINT WARNING * * *
You barely miss the adder.
The adder is moderately wounded.
The adder barely misses you.
Your cerulean imp hits the adder from afar with a -4 spear.
The adder bites you but does no damage.
Your cerulean imp barely misses the adder.
The adder closely misses you.
Your cerulean imp barely misses the adder.
The adder barely misses you. The adder attacks as you move away!
The adder bites you.
* * * LOW HITPOINT WARNING * * *
You are poisoned.
The adder poisons you!
* * * LOW HITPOINT WARNING * * *
You feel sick.
Your cerulean imp hits the adder with a -4 spear.
The adder bites you.
* * * LOW HITPOINT WARNING * * *
You die...

#### ..#
#.## #..##
#####...##
#.....S..#
#.###5..##
#@.##
#........
..#######
####


You could see an adder (ally target) and a friendly cerulean imp (summoned).

Vanquished Creatures
  A worm (D:2)
  A dart slug (D:2)
  4 ball pythons
  3 endoplasms (D:1)
  2 giant cockroaches (D:2)
  5 goblins
  5 hobgoblins
  4 jackals (D:1)
  5 quokkas
  5 bats
  2 frilled lizards (D:1)
  4 kobolds
  6 rats
47 creatures vanquished.

Notes
Turn   | Place    | Note
-------+----------+-------------------------------------------
     0 | D:1      | Reached skill level 9 in Spellcasting
     0 | D:1      | Bobit the Gnoll Wanderer began the quest for the Orb.
     0 | D:1      | Bobit set off with the following items: a +0 club, a scroll
                  | of fog, a +0 robe, a wand of flame (3); and the following
                  | spells available to memorise: Blink, Sandblast, Summon
                  | Small Mammal, Momentum Strike, Call Imp, Portal Projectile.
     0 | D:1      | Reached XP level 1. HP: 13/13 MP: 10/10
   231 | D:1      | Reached XP level 2. HP: 19/19 MP: 12/12
   528 | D:1      | Reached XP level 3. HP: 25/25 MP: 13/13
   726 | D:1      | Found a faded altar of an unknown god.
   738 | D:1      | Prayed at the altar of an unknown god.
   738 | D:1      | Became a worshipper of Sif Muna the Loreminder
   738 | D:1      | Reached * piety under Sif Muna
  1056 | D:2      | Reached skill level 1 in Invocations
  1152 | D:2      | Reached skill level 1 in Fighting
  1152 | D:2      | Reached skill level 1 in Short Blades
  1152 | D:2      | Reached skill level 1 in Long Blades
  1152 | D:2      | Reached skill level 1 in Axes
  1152 | D:2      | Reached skill level 1 in Maces & Flails
  1152 | D:2      | Reached skill level 1 in Polearms
  1152 | D:2      | Reached skill level 1 in Staves
  1152 | D:2      | Reached skill level 1 in Ranged Weapons
  1152 | D:2      | Reached skill level 1 in Throwing
  1152 | D:2      | Reached skill level 1 in Armour
  1152 | D:2      | Reached skill level 1 in Stealth
  1152 | D:2      | Reached skill level 1 in Shields
  1152 | D:2      | Reached skill level 1 in Unarmed Combat
  1164 | D:2      | Found a glowing golden altar of the Shining One.
  1725 | D:2      | Learned a level 2 spell: Call Imp
  1802 | D:3      | Reached ** piety under Sif Muna
  1803 | D:3      | Reached XP level 4. HP: 32/32 MP: 15/15
  1806 | D:3      | Noticed Natasha
  1806 | D:3      | Noticed Terence
  1844 | D:4      | HP: 1/32 [adder (3)]
  1845 | D:4      | Succumbed to an adder's poison

Illustrated notes

Levels and vault maps discovered:
D:1:      dpeg_arrival_fog, layout_loops_ring,
          shapermc_ecumenical_altar_mp_highgroup
D:2:      layout_basic, basic_altar
D:3:      layout_loops_cross, kennysheep_slug_shrine,
          nicolae_overflow_ecumenical_swirl, uniq_natasha, uniq_terence
D:4:      layout_loops_corners, minmay_temple_entry_trees,
          cheibrodos_sewer_entry_sluice

Skill      XL: |  1  2  3 |
---------------+----------+-----
Spellcasting   | |  9.3
Translocations | 2 |  2.2
Invocations    | 1 |  1.1
Fighting       | 1 |  1.0
Short Blades   | 1 |  1.0
Long Blades    | 1 |  1.0
Axes           | 1 |  1.0
Maces & Flails | 1 |  1.0
Polearms       | 1 |  1.0
Staves         | 1 |  1.0
Ranged Weapons | 1 |  1.0
Throwing       | 1 |  1.0
Armour         | 1 |  1.0
Stealth        | 1 |  1.0
Shields        | 1 |  1.0
Unarmed Combat | 1 |  1.0
Dodging        | |  4.6
Conjurations   | |  0.8
Hexes          | |  0.8
Summonings     | |  0.8
Necromancy     | |  0.8
Transmutations | |  0.8
Fire Magic     | |  0.8
Ice Magic      | |  0.8
Air Magic      | |  0.8
Earth Magic    | |  0.8
Poison Magic   | |  0.8
Evocations     | |  4.6

Action                     |  1- 3 |  4- 6 || total
---------------------------+-------+-------++-------
  Melee: Club              |   240 |     9 ||   249
         Bite              |    22 |       ||    22
   Cast: Call Imp          |       |     4 ||     4
   Stab: Sleeping          |     1 |       ||     1
 Armour: Plate armour      |   230 |       ||   230
         Robe              |     7 |     3 ||    10
  Dodge: Dodged            |    61 |    21 ||    82
